 Dungeon Crawl Stone Soup version 0.30-a0-476-g330ca2eb8e (webtiles) character file.

Game seed: 2539498993243775670

80 Jase the Covered (level 4, -4/39 HPs)
             Began as an Armataur Fighter on Dec 22, 2022.
             Slain by a gnoll
             ... wielding a +0 club
              (6 damage)
             ... on level 3 of the Dungeon.
             The game lasted 00:03:50 (1367 turns).

Jase the Covered (Armataur Fighter)                 Turns: 1367, Time: 00:03:50

Health: -4/39      AC:  7    Str: 27    XL:     4   Next: 18%
Magic:  4/4        EV:  8    Int: 11    God:
Gold:   33         SH:  0    Dex:  9    Spells: 3/3 levels left

rFire   . . .      SeeInvis .    a - +0 flail
rCold   . . .      Faith    .    (no shield)
rNeg    . . .      Spirit   .    b - +0 scale mail
rPois   .          Reflect  .    (no helmet)
rElec   .          Harm     .    q - scarf {shadows}
rCorr   .          Roll     +    (no gloves)
Will    .....                    (no barding)
Stlth   ..........               (no amulet)
HPRegen 0.26/turn                k - +6 ring of strength
MPRegen 0.09/turn                (no ring)

@: no status effects
A: large, rugged brown scales 3, deformed body, armoured tail, roll, long
tongue, awkward tongue
a: no special abilities


You were on level 3 of the Dungeon.
You visited 1 branch of the dungeon, and saw 3 of its levels.

You collected 33 gold pieces.

Inventory:

Hand Weapons
 a - a +0 flail (weapon)
Missiles
 e - 37 stones (quivered)
 n - 3 silver javelins
Armour
 b - a +0 scale mail (worn)
 q - a scarf of shadows (worn)
Jewellery
 k - a +6 ring of strength (left hand)
 p - a ring of fire
Wands
 t - a wand of roots (9)
Scrolls
 f - a scroll of amnesia {unknown}
 i - 2 scrolls of identify {unknown}
 j - a scroll of enchant weapon {unknown}
 l - a scroll of noise {unknown}
 m - a scroll of brand weapon {unknown}
 r - a scroll of teleportation {unknown}
Potions
 c - 2 potions of heal wounds {unknown}
 d - a potion of might
 g - 2 potions of haste {unknown}
 h - a potion of flight {unknown}
 o - a potion of attraction {unknown}
 s - a potion of mutation {unknown}


   Skills:
 - Level 2.6 Fighting
 + Level 3.1 Maces & Flails
 + Level 5.0 Armour
 - Level 3.2 Shields


You had 3 spell levels left.
You didn't know any spells.
Your spell library contained the following spells:

 Spells                   Type           Power      Damage    Failure   Level
 Magic Dart               Conj           0%         1d3       58%         1
 Searing Ray              Conj           0%         2d4       75%         2
 Fulminant Prism          Conj/Hex       0%         3d5       100%        4


Dungeon Overview and Level Annotations

Branches:
Dungeon (3/15)

Altars:


Innate Abilities, Weirdness & Mutations

You are completely covered in rugged brown scales. (AC +3, +7% HP)
Armour fits poorly on your strangely shaped body.
You have a long armoured tail.
You roll when moving toward enemies. (Rampage)
Your long tongue fully drains potion bottles. (2x potion effects)
Your tongue gives you trouble enunciating. (1.5x scroll delay)


Message History

The gnoll closely misses you. The gnoll blocks your attack.
The gnoll is moderately wounded.
The gnoll hits you but does no damage. The gnoll hits you with a +0 whip.
You hit the gnoll.
The gnoll is moderately wounded.
The gnoll hits you with a +0 whip. The gnoll blocks your attack.
You tail-slap the gnoll.
The gnoll is heavily wounded.
The gnoll hits you with a +0 whip.
You are too injured to fight recklessly!
You are too injured to fight recklessly!
The gnoll blocks your attack.
The gnoll is heavily wounded.
The gnoll completely misses you. The gnoll blocks your attack.
Your tail-slap misses the gnoll.
The gnoll is heavily wounded.
The gnoll barely misses you. x2
The gnoll blocks your attack.
The gnoll is heavily wounded.
The gnoll hits you with a +0 whip. The gnoll blocks your attack.
The gnoll is heavily wounded.
A gnoll comes into view. It is wielding a +0 spear.
The gnoll hits you with a +0 whip.
* * * LOW HITPOINT WARNING * * *
The gnoll blocks your attack.
The gnoll shouts!
Your tail-slap misses the gnoll.
The gnoll is heavily wounded.
The gnoll hits you with a +0 whip.
* * * LOW HITPOINT WARNING * * *
The gnoll blocks your attack.
The gnoll is heavily wounded.
The gnoll hits you with a +0 whip.
* * * LOW HITPOINT WARNING * * *
You sock the gnoll!
You kill the gnoll!
The gnoll hits you with a +0 club.
You die...

g... ....## ......
.g....## .......#
#........ .....g!#
#....... #o# #......# #g#
#......###### #@#
#........#... #.#
#........#...
#.######......#...
#....)...####†#... #.
#############..)....
#.#..................#...
.. ..................#.##
#.#+#.##...............#
#......#.##..#######.###


You could see 2 gnolls and an orc.

Vanquished Creatures
  2 gnolls (D:3)
  2 adders (D:2)
  3 worms (D:2)
  7 ball pythons
  4 endoplasms
  2 giant cockroaches
  5 goblins
  4 hobgoblins
  2 quokkas
  3 bats
  2 frilled lizards
  4 kobolds
  3 rats (D:2)
43 creatures vanquished.

Notes
Turn   | Place    | Note
-------+----------+-------------------------------------------
     0 | D:1      | Jase the Armataur Fighter began the quest for the Orb.
     0 | D:1      | Reached XP level 1. HP: 19/19 MP: 1/1
   107 | D:1      | Reached skill level 4 in Armour
   107 | D:1      | Reached XP level 2. HP: 26/26 MP: 2/2
   554 | D:2      | Reached XP level 3. HP: 17/32 MP: 3/3
  1304 | D:3      | Reached XP level 4. HP: 39/39 MP: 4/4
  1356 | D:3      | Reached skill level 5 in Armour
  1367 | D:3      | Slain by a gnoll

Illustrated notes

Levels and vault maps discovered:
D:1:      lightli_molten_gateway, layout_rooms
D:2:      layout_basic
D:3:      layout_basic, amethyst_overflow_temple_binary,
          nicolae_elyvilon_peaceful_grove

Skill      XL: |  1  2  3  4 |
---------------+-------------+-----
Maces & Flails | 2 3 |  3.1
Armour         | 4 5 |  5.0
Fighting       | |  2.6
Shields        | |  3.2

Action                   |  1- 3 |  4- 6 || total
-------------------------+-------+-------++-------
Melee: Flail             |    94 |    22 ||   116
       Tailslap          |     5 |     2 ||     7
       Punch             |     1 |     1 ||     2
Armor: Scale mail        |    45 |     4 ||    49
Dodge: Dodged            |    38 |     4 ||    42

Table legend: (Time is in decaauts)
 A = Elapsed time spent in this place.
 B = Non-inter-level travel time spent in this place.
 C = Inter-level travel time spent in this place.
 D = Time resting spent in this place.
 E = Time spent auto-exploring this place.
 F = Levels seen in this place.
 G = Mean time per level.
                   A        B        C        D        E       F      G
               +--------+--------+--------+--------+--------+-----+--------+
         Total |   1396 |   1355 |     41 |     35 |    977 |   3 |  465.3 |
       Dungeon |   1396 |   1355 |     41 |     35 |    977 |   3 |  465.3 |
               +--------+--------+--------+--------+--------+-----+--------+

Top non-repeatable levels by time:
     D:2: 867 daAuts
     D:1: 432 daAuts
     D:3: 96 daAuts
